 Dungeon Crawl Stone Soup version 0.23.2-1-ga50397a (webtiles) character file.

Game seed: 5866424956022926366

238 azmarco the Covered (level 6, -1/39 HPs)
             Began as a Gargoyle Fighter on Apr 24, 2019.
             Was an Initiate of Trog.
             Killed by divine providence
             ... invoked by an orc priest
              (11 damage)
             ... on level 4 of the Dungeon.
             The game lasted 00:14:19 (1863 turns).

azmarco the Covered (Gargoyle Fighter)              Turns: 1863, Time: 00:14:20

Health: -1/39      AC: 16    Str: 21    XL:     6   Next: 7%
Magic:  8/8        EV:  8    Int:  9    God:    Trog [......]
Gold:   86         SH:  9    Dex:  9    Spells: 8/8 levels left

rFire    . . .     SeeInvis +   a - +2 flail
rCold    . . .     Gourm    .   c - +0 shield
rNeg     + . .     Faith    .   k - +0 plate armour
rPois    ∞         Spirit   .   (no helmet)
rElec    +         Reflect  .   (no cloak)
rCorr    +         Harm     .   (no gloves)
MR       .....                  (no boots)
Stlth    ..........             (no amulet)
HPRegen  0.13/turn              g - +4 ring of evasion
MPRegen  0.11/turn              l - ring of resist corrosion

@: no status effects
A: see invisible, mutation resistance 1, negative energy resistance 1,
electricity resistance, unbreathing, petrification resistance, rot immunity, AC
+4
a: Renounce Religion


You were on level 4 of the Dungeon.
You worshipped Trog.
Trog was noncommittal.
You were not hungry.

You visited 1 branch of the dungeon, and saw 4 of its levels.

You collected 86 gold pieces.

Inventory:

Hand Weapons
 a - a +2 flail (weapon)
Armour
 c - a +0 shield (worn)
 k - a +0 plate armour (worn)
Jewellery
 g - a +4 ring of evasion (left hand)
 l - a ring of resist corrosion (right hand)
Wands
 e - a wand of polymorph (10)
Scrolls
 h - a scroll of teleportation
 j - a scroll of remove curse
Potions
 b - a potion of heal wounds
 d - a potion of might
 i - a potion of berserk rage
Comestibles
 f - 4 rations


   Skills:
 + Level 4.6 Fighting
 + Level 3.4 Maces & Flails
 + Level 1.9 Throwing
 + Level 4.8 Armour
 + Level 1.9 Dodging
 + Level 2.7 Stealth
 + Level 4.6 Shields
 + Level 2.1 Unarmed Combat
 - Level 1.9 Spellcasting


You had 8 spell levels left.
You didn't know any spells.
Your spell library was empty.

Dungeon Overview and Level Annotations

Branches:
Dungeon (4/15)
 Temple: D:4-7

Altars:
Fedhas
Trog


Innate Abilities, Weirdness & Mutations

You are resistant to torment.
Your stone body is resilient. (AC +4)
You are immune to poison.
You resist negative energy. (rN+)
You are resistant to electric shocks. (rElec)
You can survive without breathing.
You are immune to petrification.
You are immune to rotting.
You have supernaturally acute eyesight. (SInv)
You are somewhat resistant to further mutation.


Message History

The orc wizard is severely wounded.
The orc hits you but does no damage. The orc closely misses you.
The orc priest calls upon Beogh to heal the orc wizard.
The orc wizard is healed somewhat.
You block the orc wizard's attack. The orc barely misses you.
The orc hits you but does no damage.
You thump the orc wizard!
You kill the orc wizard!
Trog accepts your kill.
Trog appreciates your killing of a magic user.
You have reached level 6!
Your experience leads to an increase in your attributes!
Increase (S)trength, (I)ntelligence, or (D)exterity?
You feel stronger.
The orc priest mumbles some strange prayers to Beogh against you.
Beogh smites you!
* * * LOW HITPOINT WARNING * * *
You block the orc's attack.
The orc priest invokes the aid of Beogh against you.
Beogh smites you!
You die...

# #.######
#......#
#...oo.#
#...)@.#
#...o..#
.......#.#
#...... .#
####### .#
.# ##


You could see an orc priest and 2 orcs.

Vanquished Creatures
  A hound (D:3)
  An orc wizard (D:4)
  A worker ant (D:3)
  4 gnolls (D:3)
  5 adders
  4 worms
  2 dart slugs
  3 leopard geckos
  An orc (D:3)
  6 bats
  A giant cockroach (D:1)
  3 hobgoblins (D:1)
  A quokka (D:2)
  4 frilled lizards
  5 goblins
  6 kobolds
  8 rats
56 creatures vanquished.

Notes
Turn   | Place    | Note
-------+----------+-------------------------------------------
     0 | D:1      | azmarco the Gargoyle Fighter began the quest for the Orb.
     0 | D:1      | Reached XP level 1. HP: 14/14 MP: 1/1
    34 | D:1      | Reached skill level 1 in Throwing
    34 | D:1      | Reached skill level 1 in Dodging
    34 | D:1      | Reached skill level 1 in Spellcasting
    34 | D:1      | Reached XP level 2. HP: 20/20 MP: 1/4
   493 | D:1      | Reached XP level 3. HP: 22/24 MP: 5/5
   896 | D:2      | Reached XP level 4. HP: 27/30 MP: 6/6
  1009 | D:2      | Found a blossoming altar of Fedhas.
  1012 | D:2      | Found a bloodstained altar of Trog.
  1061 | D:2      | Became a worshipper of Trog the Wrathful
  1079 | D:2      | Gained mutation: You have supernaturally acute eyesight.
                  | (SInv) [potion of mutation]
  1079 | D:2      | Gained mutation: You are somewhat resistant to further
                  | mutation. [potion of mutation]
  1490 | D:3      | Reached XP level 5. HP: 32/34 MP: 7/7
  1863 | D:4      | Reached XP level 6. HP: 23/39 MP: 8/8
  1863 | D:4      | Killed from afar by an orc priest

Skill      XL: |  1 |
---------------+----+-----
Fighting       | 4 |  4.6
Maces & Flails | 3 |  3.4
Throwing       | 1 |  1.9
Armour         | 4 |  4.8
Dodging        | 1 |  1.9
Stealth        | 2 |  2.7
Shields        | 4 |  4.6
Unarmed Combat | 2 |  2.1
Spellcasting   | 1 |  1.9

Action                   |  1- 3 |  4- 6 || total
-------------------------+-------+-------++-------
Melee: Flail             |    84 |   124 ||   208
  Use: Potion            |     3 |     2 ||     5
       Scroll            |     6 |     5 ||    11
 Stab: Sleeping          |     4 |       ||     4
  Eat: Ration            |       |     1 ||     1
Armor: Scale mail        |    10 |       ||    10
       Skin              |     7 |     1 ||     8
       Plate armour      |       |    67 ||    67
Dodge: Dodged            |    62 |    66 ||   128
Block: Shield            |    49 |    80 ||   129
